 Dungeon Crawl Stone Soup version 0.26-a0-652-gafc20e3620 (webtiles) character file.

Game seed: 11577289082818181697

42 lunkers the Stinger (level 3, -1/24 HPs)
             Began as a Demonspawn Venom Mage on Oct 1, 2020.
             Killed from afar by Natasha (8 damage)
             ... with a magic dart
             ... on level 2 of the Dungeon on Oct 2, 2020.
             The game lasted 00:02:50 (1953 turns).

lunkers the Stinger (Demonspawn Venom Mage)         Turns: 1953, Time: 00:02:51

Health: -1/24      AC:  4    Str:  8    XL:     3   Next: 35%
Magic:  0/6        EV: 12    Int: 17    God:
Gold:   62         SH:  0    Dex: 13    Spells: 4/7 levels left

rFire    . . .     SeeInvis .   (no weapon)
rCold    . . .     Faith    .   (no shield)
rNeg     . . .     Spirit   .   a - +0 robe
rPois    .         Reflect  .   (no helmet)
rElec    .         Harm     .   (no cloak)
rCorr    .         Rampage  .   (no gloves)
MR       .....                  (no boots)
Stlth    ++........             (no amulet)
HPRegen  0.08/turn              (no ring)
MPRegen  0.10/turn              (no ring)

@: very slightly contaminated, slowed, very slow
A: claws 1, thin metallic scales 1
a: no special abilities


You were on level 2 of the Dungeon.
You visited 1 branch of the dungeon, and saw 2 of its levels.

You collected 62 gold pieces.

Inventory:

Armour
 a - a +0 robe (worn)
Scrolls
 b - 3 scrolls of teleportation {unknown}
 d - a scroll of immolation {unknown}
 e - 2 scrolls of fog {unknown}
 f - a scroll of remove curse {unknown}
 g - 2 scrolls of identify {unknown}
 i - a scroll of fear {unknown}
Potions
 c - a potion of resistance {unknown}
 h - a potion of lignification {unknown}


   Skills:
 - Level 1.7 Dodging
 - Level 1.7 Stealth
 + Level 2.5 Spellcasting
 - Level 0.8 Transmutations
 * Level 4.0 Poison Magic


You had 4 spell levels left.
You knew the following spells:

 Your Spells              Type           Power        Failure   Level
a - Sting                 Tmut/Pois      ##..         7%          1
b - Poisonous Vapours     Pois/Air       #.....       12%         2

Your spell library contained the following spells:

 Spells                   Type           Power        Failure   Level
 Ignite Poison            Fire/Tmut/Pois #.......     28%         3
 Mephitic Cloud           Conj/Pois/Air  #.......     30%         3
 Olgreb's Toxic Radiance  Pois           ###.....     34%         4


Dungeon Overview and Level Annotations

Branches:
Dungeon (2/15)

Altars:
The Shining One

Annotations:
D:2 Natasha


Innate Abilities, Weirdness & Mutations

You have sharp fingernails.
You are partially covered in thin metallic scales. (AC +2)


Message History

Confirm with . or Enter, or press ? or * to list all spells.
Aiming: Sting (safe; 7% risk of failure)
Press: ? - help, Shift-Dir - straight line, f/p - Natasha
Aim: Natasha (moderately wounded, very poisoned)
You miscast Sting.
You are very lightly contaminated with residual magic.
Nothing appears to happen.
* * * LOW MAGIC WARNING * * *
Natasha claws you.
* * * LOW HITPOINT WARNING * * *
The shadow imp hits you but does no damage.
Natasha casts a spell at you.
You feel yourself slow down.
You see here 3 gold pieces.
A worm comes into view.
Found 7 gold pieces.
Unknown command.
Natasha stares at you and mumbles some strange words.
The magic dart hits you!
You die...

#.##.......†.#
#.#..........# #
#.[..........##.#
###.............#
####........)####
............>##.#
.##..........#.# ##
)##..........5###$#
.##.##########$#@#
.##.# ##h## ....#
#.# ..... ... ♣...#
##..# ...# #..#
.... w#.# . .#


You could see a worm and Natasha (very poisoned).

Vanquished Creatures
  A worm (D:2)
  A dart slug (D:2)
  A ball python (D:2)
  3 giant cockroaches (D:1)
  5 goblins
  6 hobgoblins
  5 kobolds
  8 bats
  A frilled lizard (D:1)
  4 rats (D:1)
35 creatures vanquished.

Notes
Turn   | Place    | Note
-------+----------+-------------------------------------------
     0 | D:1      | lunkers the Demonspawn Venom Mage began the quest for the
                  | Orb.
     0 | D:1      | Reached XP level 1. HP: 13/13 MP: 3/3
   614 | D:1      | Gained mutation: You have sharp fingernails. [demonic
                  | ancestry]
   614 | D:1      | Reached XP level 2. HP: 19/19 MP: 1/5
  1432 | D:1      | Gained mutation: You are partially covered in thin metallic
                  | scales. (AC +2) [demonic ancestry]
  1432 | D:1      | Reached XP level 3. HP: 23/24 MP: 3/6
  1436 | D:1      | Learned a level 2 spell: Poisonous Vapours
  1751 | D:2      | Reached skill level 4 in Poison Magic
  1811 | D:2      | Found a glowing golden altar of the Shining One.
  1945 | D:2      | Noticed Natasha
  1953 | D:2      | Killed from afar by Natasha

Illustrated notes

Levels and vault maps discovered:
D:1:      dpeg_arrival_arbitrary_a, layout_loops_ring, minmay_strange_pillars,
          st_stairs_1, chequers_serial_rivers_room_a, kennysheep_pointless_box
D:2:      layout_loops_ring, tso_altar, chequers_garden, minivault_5,
          uniq_natasha

Skill      XL: |  1  2  3 |
---------------+----------+-----
Poison Magic   | 4 |  4.0
Dodging        | |  1.7
Stealth        | |  1.7
Spellcasting   | |  2.5
Transmutations | |  0.8

Action                   || total
-------------------------++-------
Melee: Unarmed           ||    27
 Cast: Sting             ||    71
       Poisonous Vapours ||     1
Armor: Robe              ||    22
Dodge: Dodged            ||    57

Table legend: (Time is in decaauts)
 A = Elapsed time spent in this place.
 B = Non-inter-level travel time spent in this place.
 C = Inter-level travel time spent in this place.
 D = Time resting spent in this place.
 E = Time spent auto-exploring this place.
 F = Levels seen in this place.
 G = Mean time per level.
                   A        B        C        D        E       F      G
               +--------+--------+--------+--------+--------+-----+--------+
         Total |   1953 |   1907 |     46 |      0 |   1589 |   2 |  976.5 |
       Dungeon |   1953 |   1907 |     46 |      0 |   1589 |   2 |  976.5 |
               +--------+--------+--------+--------+--------+-----+--------+

Top non-repeatable levels by time:
     D:1: 1669 daAuts
     D:2: 284 daAuts
